 Dungeon Crawl Stone Soup version 0.21-a0-352-g5b8f553 (webtiles) character file.

198 tidbits the Conjurer (level 5, -2/43 HPs)
             Began as a Gnoll Wanderer on Oct 10, 2017.
             Slain by an ogre
             ... wielding a +0 giant club
              (13 damage)
             ... on level 4 of the Dungeon.
             The game lasted 00:06:27 (727 turns).

tidbits the Conjurer (Gnoll Wanderer)                Turns: 727, Time: 00:06:28

Health: -2/43      AC:  4    Str: 13    XL:     5   Next: 77%
Magic:  7/7        EV: 12    Int: 16    God:
Gold:   68         SH:  0    Dex: 15    Spells: 3/7 levels left

rFire    . . .     SeeInvis .   a - +2 spear
rCold    . . .     Gourm    .   (no shield)
rNeg     . . .     Faith    .   i - -1 ring mail (curse)
rPois    .         Spirit   .   (no helmet)
rElec    .         Reflect  .   (no cloak)
rCorr    .         Harm     .   (no gloves)
MR       .....                  (no boots)
Stlth    +.........             (no amulet)
HPRegen  0.14/turn              (no ring)
MPRegen  0.10/turn              (no ring)

@: no status effects
A: distributed training, fangs 1, strong nose
a: no special abilities


You were on level 4 of the Dungeon.
You were not hungry.

You visited 1 branch of the dungeon, and saw 5 of its levels.

You collected 68 gold pieces.

Inventory:

Hand Weapons
 a - a +2 spear (weapon)
 c - a +0 hand axe
 e - a +0 trident
 m - a +1 short sword of speed
   (You took it off a kobold on level 1 of the Dungeon)
Missiles
 g - 21 arrows
 l - 2 javelins of penetration (quivered)
Armour
 d - a +0 robe
 i - a cursed -1 ring mail (worn)
 B - a +0 ring mail
Scrolls
 h - a scroll of magic mapping {unknown}
 j - a scroll of identify
 k - 2 scrolls of remove curse {unknown}
Potions
 n - a potion of might
Books
 b - the Compendium of Boosts

   Spells                             Type                      Level
   a - Infusion                       Charms                       1
   b - Regeneration                   Charms/Necromancy            3
Comestibles
 f - 4 bread rations


   Skills:
 + Level 4.8 Fighting
 + Level 1.6 Short Blades
 + Level 1.6 Long Blades
 + Level 1.6 Axes
 + Level 1.6 Maces & Flails
 + Level 4.8 Polearms
 + Level 1.6 Staves
 + Level 1.6 Slings
 + Level 1.6 Bows
 + Level 1.6 Crossbows
 + Level 3.0 Throwing
 + Level 1.6 Armour
 + Level 3.0 Dodging
 + Level 1.6 Stealth
 + Level 3.0 Shields
 + Level 1.6 Unarmed Combat
 + Level 1.6 Spellcasting
 + Level 6.7 Conjurations
 + Level 1.6 Hexes
 + Level 1.6 Charms
 + Level 1.6 Summonings
 + Level 1.6 Necromancy
 + Level 1.6 Translocations
 + Level 1.6 Transmutations
 + Level 1.6 Fire Magic
 + Level 1.6 Ice Magic
 + Level 1.6 Air Magic
 + Level 1.6 Earth Magic
 + Level 1.6 Poison Magic
 + Level 1.6 Invocations
 + Level 1.6 Evocations


You had 3 spell levels left.
You knew the following spells:

 Your Spells              Type           Power        Failure   Level  Hunger
i - Infusion              Chrm           #...         24%         1    ##.....
r - Regeneration          Chrm/Necr      #.........   56%         3    ####...


Dungeon Overview and Level Annotations

Branches:
Dungeon (5/15)
 Temple: D:4-7

Altars:
Dithmenos


Innate Abilities, Weirdness & Mutations

Your experience applies equally to all skills.
You have very sharp teeth.
Your uncanny sense of smell can sniff out nearby items.


Message History

You hit the worker ant.
The worker ant is moderately wounded.
The worker ant barely misses you.
You hit the worker ant. Your bite misses the worker ant.
The worker ant is heavily wounded.
You feel sick. The worker ant bites you.
* * * LOW HITPOINT WARNING * * *
You hit the worker ant but do no damage.
The worker ant is moderately wounded.
The worker ant barely misses you.
You hit the worker ant.
The worker ant is severely wounded.
You feel sick. The worker ant completely misses you.
You hit the worker ant but do no damage.
You bite the worker ant, but do no damage.
The worker ant is severely wounded.
The worker ant bites you.
* * * LOW HITPOINT WARNING * * *
You closely miss the worker ant.
The worker ant is severely wounded.
The worker ant barely misses you. x2
You barely miss the worker ant.
The worker ant is heavily wounded.
You feel sick.
The worker ant bites you but does no damage.
You aren't carrying any potions.
Unknown command.
You barely miss the worker ant.
The worker ant is heavily wounded.
You closely miss the worker ant.
The worker ant is heavily wounded.
The worker ant closely misses you. The worker ant misses you.
You hit the worker ant but do no damage.
The worker ant is heavily wounded.
The worker ant completely misses you.
You hit the worker ant but do no damage.
The worker ant is heavily wounded.
You feel sick.
The worker ant bites you but does no damage.
You hit the worker ant.
The worker ant is severely wounded.
The worker ant barely misses you.
You hit the worker ant.
The worker ant is almost dead.
The worker ant barely misses you.
You hit the worker ant but do no damage.
The worker ant is almost dead.
The worker ant barely misses you.
You hit the worker ant but do no damage.
The worker ant is almost dead.
You feel sick. The worker ant closely misses you.
You hit the worker ant but do no damage.
Your bite misses the worker ant.
The worker ant is almost dead.
The worker ant bites you but does no damage.
Throwing (i - inventory):
l - 4 javelins of penetration (quivered)
Press: ? - help, Shift-Dir - straight line, f/p - worker ant
Aim: a worker ant (severely wounded)
You throw a javelin of penetration.
The javelin of penetration pierces through the worker ant!
You kill the worker ant!
l - 4 javelins of penetration (gained 1)
You feel sick.
Things that are here:
a short sword; an orc corpse An orc wizard comes into view.
It is wielding a dagger.
You feel sick.
You are no longer poisoned.
The orc wizard shouts!
Things that are here:
a short sword; an orc corpse
Things that are here:
a mace; an orc corpse
There is a stone staircase leading up here.
You climb upwards.
There is a stone staircase leading down here.
Found a stone staircase leading down.
Found a shadowy altar of Dithmenos.
Found an amethyst potion.
n - an amethyst potion You open the door.
Found a hand axe.
There is an open door here.
An ogre comes into view. It is wielding a giant club.
The ogre shouts!
Throwing (i - inventory):
l - 4 javelins of penetration (quivered)
Press: ? - help, Shift-Dir - straight line, f - ogre
Aim: an ogre, wielding a giant club You throw a javelin of penetration.
The javelin of penetration closely misses the ogre.
Throwing (i - inventory):
l - 3 javelins of penetration (quivered)
Press: ? - help, Shift-Dir - straight line, f/p - ogre
Aim: an ogre, wielding a giant club You throw a javelin of penetration.
The javelin of penetration pierces through the ogre but does no damage.
As you read the scroll labeled GESMAE QUARPH, it crumbles to dust.
It is a scroll of identify.
n - a potion of might The ogre hits you with a giant club!
You die...

##. ....## ##+## ##
...... #####O@.#
... ......
.....(...####.#
......
##.........)#.#
......
#.(..#.###'#.#
......
....#####...#.#
...... ##.#
...##..#.# ......
##
....###..##.###....
.....#.....##<##..#
._.#.#..####...#. #


You could see an ogre.

Vanquished Creatures
  The ghost of p0werm0de the Shooter, an amateur OpAM (D:3)
  An orc wizard (D:3)
  A worker ant (D:5)
  3 adders
  A shadow imp (D:5)
  An ooze (D:2)
  An adder zombie (D:3)
  A dart slug (D:2)
  6 orcs
  2 bats
  A goblin (D:3)
  2 hobgoblins
  A quokka (D:4)
  2 kobolds
  2 rats (D:2)
26 creatures vanquished.

Notes
Turn   | Place    | Note
-------+----------+-------------------------------------------
     0 | D:1      | tidbits the Gnoll Wanderer began the quest for the Orb.
     0 | D:1      | tidbits set off with: a +2 spear, the Compendium of Boosts, a potion of curing, a +0 robe, a bread ration
     0 | D:1      | Reached XP level 1. HP: 20/20 MP: 1/1
     0 | D:1      | Identified the Compendium of Boosts
   141 | D:3      | Noticed p0werm0de's ghost (amateur OpAM)
   145 | D:3      | You fall through a shaft!
   193 | D:3      | Reached XP level 2. HP: 18/26 MP: 2/2
   201 | D:3      | Learned a level 1 spell: Infusion
   301 | D:2      | Reached XP level 3. HP: 18/31 MP: 3/3
   445 | D:3      | Killed p0werm0de's ghost
   445 | D:3      | Reached skill level 1 in Short Blades
   445 | D:3      | Reached skill level 1 in Long Blades
   445 | D:3      | Reached skill level 1 in Axes
   445 | D:3      | Reached skill level 1 in Maces & Flails
   445 | D:3      | Reached skill level 1 in Staves
   445 | D:3      | Reached skill level 1 in Slings
   445 | D:3      | Reached skill level 1 in Bows
   445 | D:3      | Reached skill level 1 in Crossbows
   445 | D:3      | Reached skill level 1 in Armour
   445 | D:3      | Reached skill level 1 in Stealth
   445 | D:3      | Reached skill level 1 in Unarmed Combat
   445 | D:3      | Reached skill level 1 in Spellcasting
   445 | D:3      | Reached skill level 1 in Hexes
   445 | D:3      | Reached skill level 1 in Charms
   445 | D:3      | Reached skill level 1 in Summonings
   445 | D:3      | Reached skill level 1 in Necromancy
   445 | D:3      | Reached skill level 1 in Translocations
   445 | D:3      | Reached skill level 1 in Transmutations
   445 | D:3      | Reached skill level 1 in Fire Magic
   445 | D:3      | Reached skill level 1 in Ice Magic
   445 | D:3      | Reached skill level 1 in Air Magic
   445 | D:3      | Reached skill level 1 in Earth Magic
   445 | D:3      | Reached skill level 1 in Poison Magic
   445 | D:3      | Reached skill level 1 in Invocations
   445 | D:3      | Reached skill level 1 in Evocations
   445 | D:3      | Reached XP level 4. HP: 30/38 MP: 0/5
   450 | D:3      | Learned a level 3 spell: Regeneration
   512 | D:3      | Reached XP level 5. HP: 16/43 MP: 5/7
   587 | D:4      | Reached skill level 3 in Throwing
   587 | D:4      | Reached skill level 3 in Dodging
   587 | D:4      | Reached skill level 3 in Shields
   595 | D:5      | Entered Level 5 of the Dungeon
   709 | D:4      | Found a shadowy altar of Dithmenos.
   723 | D:4      | Noticed an ogre
   727 | D:4      | Slain by an ogre

Vault maps used:
D:1:      matt_arrival_diagonals
D:2:      nemelex_xobeh_ov_fountains_minmay,
          chequers_ecumenical_altar_simple_redux
D:3:      first_bread, uniq_ijyb, uniq_robin
D:4:      kiku_gazebo_garden_becter, nicolae_dithmenos_through_a_glass_darkly,
          minmay_temple_entry_glassed_door, grunt_ministairs_4,
          grunt_decor_fettered
D:5:      nicolae_ashenzari_panopticon

Skill      XL: |  1  2  3  4  5 |
---------------+----------------+-----
Short Blades   | 1 |  1.6
Long Blades    | 1 |  1.6
Axes           | 1 |  1.6
Maces & Flails | 1 |  1.6
Staves         | 1 |  1.6
Slings         | 1 |  1.6
Bows           | 1 |  1.6
Crossbows      | 1 |  1.6
Armour         | 1 |  1.6
Stealth        | 1 |  1.6
Unarmed Combat | 1 |  1.6
Spellcasting   | 1 |  1.6
Hexes          | 1 |  1.6
Charms         | 1 |  1.6
Summonings     | 1 |  1.6
Necromancy     | 1 |  1.6
Translocations | 1 |  1.6
Transmutations | 1 |  1.6
Fire Magic     | 1 |  1.6
Ice Magic      | 1 |  1.6
Air Magic      | 1 |  1.6
Earth Magic    | 1 |  1.6
Poison Magic   | 1 |  1.6
Invocations    | 1 |  1.6
Evocations     | 1 |  1.6
Throwing       | 3 |  3.0
Dodging        | 3 |  3.0
Shields        | 3 |  3.0
Fighting       | |  4.8
Polearms       | |  4.8
Conjurations   | |  6.7

Action                   |  1- 3 |  4- 6 || total
-------------------------+-------+-------++-------
Melee: Spear             |    49 |    79 ||   128
       Bite              |     4 |    10 ||    14
Throw: Javelin           |     1 |    10 ||    11
 Cast: Infusion          |     1 |       ||     1
  Use: Potion            |     1 |     1 ||     2
       Scroll            |       |     1 ||     1
Armor: Ring mail         |     7 |    20 ||    27
Dodge: Dodged            |    19 |    26 ||    45

Table legend:
 A = Spawn XP
 B = Non-spawn XP
 C = Spawn XP percentage of total XP
 D = Spawn monster count
 E = Non-spawn monster count
 F = Spawn count percentage of total count
 G = Total turns spent on level
                    A         B        C        D         E        F      G
               +---------+---------+-------+---------+---------+-------+---------
         Total |       0 |     284 |   0.0 |       0 |      26 |   0.0 |   727
               +---------+---------+-------+---------+---------+-------+---------
           D:1 |       0 |       4 |   0.0 |       0 |       2 |   0.0 |    85
           D:2 |       0 |      16 |   0.0 |       0 |       6 |   0.0 |   160
           D:3 |       0 |     195 |   0.0 |       0 |      12 |   0.0 |   292
           D:4 |       0 |      15 |   0.0 |       0 |       2 |   0.0 |    85
           D:5 |       0 |      54 |   0.0 |       0 |       4 |   0.0 |   105
               +---------+---------+-------+---------+---------+-------+---------

Table legend:
 A = Turns spent in this place as a percentage of turns spent in the entire game.
 B = Non-inter-level travel turns spent in this place as a percentage of non-inter-level travel turns spent in the entire game.
 C = Inter-level travel turns spent in this place as a percentage of turns spent in this place.
 D = Turns resting spent in this place as a percentage of non-inter-level travel turns spent in this place.
 E = Turns spent auto-exploring this place as a percentage of non-inter-level travel turns spent in this place.
 F = Non-inter-level travel turns spent in this place divided by the number of levels of this place that you've seen.
                   A       B       C       D       E      F
               +-------+-------+-------+-------+-------+----------------------
         Total | 100.0 | 100.0 |   0.0 |   0.0 |   0.0 | 145.4
       Dungeon | 100.0 | 100.0 |   0.0 |   0.0 |   0.0 | 145.4
               +-------+-------+-------+-------+-------+----------------------

Table legend:
 A = Kills in this place as a percentage of kills in entire the game.
 B = Kills by you in this place as a percentage of kills by you in the entire game.
 C = Kills by friends in this place as a percentage of kills by friends in the entire game.
 D = Other kills in this place as a percentage of other kills in the entire game.
 E = Experience gained in this place as a percentage of experience gained in the entire game.
 F = Experience gained in this place divided by the number of levels of this place that you have seen.
                   A       B       C       D       E      F
               +-------+-------+-------+-------+-------+----------------------
         Total | 100.0 | 100.0 |   N/A |   N/A | 100.0 |  56.8
       Dungeon | 100.0 | 100.0 |   N/A |   N/A | 100.0 |  56.8
               +-------+-------+-------+-------+-------+----------------------

Vault maps used:
D:1:      matt_arrival_diagonals
D:2:      nemelex_xobeh_ov_fountains_minmay,
          chequers_ecumenical_altar_simple_redux
D:3:      first_bread, uniq_ijyb, uniq_robin
D:4:      kiku_gazebo_garden_becter, nicolae_dithmenos_through_a_glass_darkly,
          minmay_temple_entry_glassed_door, grunt_ministairs_4,
          grunt_decor_fettered
D:5:      nicolae_ashenzari_panopticon
